 Dungeon Crawl Stone Soup version 0.27-a0-1384-g1422d76b99 (webtiles) character file.

Game seed: 13746185684907362433

143 dickylongcocking the Sneak (level 5, -7/40 HPs)
             Began as a Djinni Wanderer on July 1, 2021.
             Killed by nerve-wracking pain
             ... invoked by Grinder
              (14 damage)
             ... on level 3 of the Dungeon.
             The game lasted 00:02:51 (3219 turns).

dickylongcocking the Sneak (Djinni Wanderer)        Turns: 3219, Time: 00:02:52

Health: -7/40      AC:  8    Str: 10    XL:     5   Next: 50%
Gold:   91         EV:  8    Int: 18    God:
                   SH:  0    Dex: 10

rFire    + + .     SeeInvis .   m - +2 whip (elec)
rCold    . . .     Faith    .   (no shield)
rNeg     . . .     Spirit   .   e - +0 scale mail {rC+}
rPois    ∞         Reflect  .   h - +2 hat
rElec    .         Harm     .   (no cloak)
rCorr    .         Rampage  .   (no gloves)
Will     .....                  (boots unavailable)
Stlth    +.........             (no amulet)
HPRegen  0.13/turn              (no ring)
MPRegen  0.00/turn              (no ring)

@: flying
A: sickness immunity, fire resistance 2, cold vulnerability 1, float, innate
caster, hp casting, extra vitality 1
a: no special abilities


You were on level 3 of the Dungeon.
You visited 1 branch of the dungeon, and saw 3 of its levels.

You collected 91 gold pieces.

Inventory:

Hand Weapons
 a - a +0 club
 d - a +0 dagger
 g - a +2 dagger of venom
 m - a +2 whip of electrocution (weapon)
Missiles
 b - 4 throwing nets (quivered)
Armour
 c - a +0 leather armour
 e - a +0 scale mail of cold resistance (worn)
 h - a +2 hat (worn)
Scrolls
 f - 3 scrolls of identify {unknown}
 i - a scroll of noise {unknown}
 l - a scroll of amnesia {unknown}
 n - a scroll of fog {unknown}


   Skills:
 * Level 2.8 Fighting
 * Level 0.7 Maces & Flails
 - Level 3.0 Armour
 - Level 1.1 Dodging
 - Level 3.4 Stealth
 - Level 2.2 Shields
 * Level 2.0 Spellcasting


You couldn't memorise any spells.
You knew the following spells:

 Your Spells              Type           Power      Damage    Failure   Level
a - Summon Small Mammal   Summ           36%        N/A       43%         1
b - Poisonous Vapours     Pois/Air       18%        N/A       58%         2
c - Summon Guardian Gole  Hex/Summ       9%         N/A       82%         3
d - Static Discharge      Conj/Air       9%         N/A       58%         2
e - Foxfire               Conj/Fire      36%        2x1d5     43%         1
f - Slow                  Hex            9%         N/A       58%         2

Your spell library contained the following spells:

 Spells                   Type           Power      Damage    Failure   Level


Dungeon Overview and Level Annotations

Branches:
Dungeon (3/15)

Altars:

Shops:
D:3 =

Annotations:
D:3 Grinder


Innate Abilities, Weirdness & Mutations

You are immune to sickness and miasma.
You are immune to poison.
Your flesh is very heat resistant. (rF++)
You are vulnerable to cold. (rC-)
You float through the air rather than walking.
You learn spells naturally, not from books.
Your magical power is your life essence.
You have superior vitality. (+4 HP)


Message History

You hit Grinder.
Grinder is moderately wounded.
Grinder barely misses you. Grinder gestures at you.
You resist with significant effort.
You hit Grinder. Lightning courses through Grinder!
Grinder is severely wounded.
Grinder hits you!
You hit Grinder.
Grinder is almost dead.
Grinder hits you but does no damage.
You hit Grinder.
Grinder is almost dead.
Grinder gestures at you. Pain shoots through your body!
* * * LOW HITPOINT WARNING * * *
You hit Grinder.
Grinder is almost dead.
Grinder hits you.
* * * LOW HITPOINT WARNING * * *
Unknown command.
Unknown command.
Unknown command.
Unknown command.
You hit Grinder.
Grinder is almost dead.
Grinder gestures at you.
You suddenly lose the ability to move!
Grinder gestures at you. You resist with significant effort.
You can move again.
Unknown command.
Unknown command.
Unknown command.
Unknown command.
You closely miss Grinder.
Grinder is almost dead.
Grinder gestures at you. Pain shoots through your body!
You die...

#.# ..# ..# ..#
# ..#
...#.###### .5#
.......@5.##..#
..............#
........∩....##
......(...####
..........#
.....######
..... ..... .#


You could see Grinder.

Vanquished Creatures
  An orc priest (D:2)
  An adder (D:2)
  5 gnolls (D:2)
  A worm (D:2)
  A dart slug (D:1)
  2 orcs (D:2)
  6 endoplasms
  A giant cockroach (D:1)
  5 goblins
  3 hobgoblins
  3 quokkas (D:2)
  5 ball pythons
  5 bats
  6 kobolds
  5 rats
50 creatures vanquished.

Vanquished Creatures (collateral kills)
  A frilled lizard (D:1)
1 creature vanquished.

Grand Total: 51 creatures vanquished

Notes
Turn   | Place    | Note
-------+----------+-------------------------------------------
     0 | D:1      | dickylongcocking the Djinni Wanderer began the quest for
                  | the Orb.
     0 | D:1      | Reached XP level 1. HP: 15/15 MP: 0/0
   335 | D:1      | Reached XP level 2. HP: 21/21 MP: 0/0
  1172 | D:1      | Reached skill level 1 in Fighting
  1187 | D:1      | Reached XP level 3. HP: 27/27 MP: 0/0
  1187 | D:1      | Learned a level 1 spell: Foxfire
  1202 | D:1      | Found a faded altar of an unknown god.
  1516 | D:2      | Reached skill level 1 in Spellcasting
  1702 | D:2      | Reached XP level 4. HP: 11/33 MP: 0/0
  2304 | D:2      | Reached XP level 5. HP: 37/39 MP: 0/0
  2304 | D:2      | Learned a level 2 spell: Slow
  2939 | D:3      | Found Xuosautt's Jewellery Boutique.
  2939 | D:3      | Noticed Grinder
  2940 | D:3      | Paralysed by Grinder for 5 turns
  3208 | D:3      | Paralysed by Grinder for 2 turns
  3217 | D:3      | Paralysed by Grinder for 2 turns
  3219 | D:3      | Killed from afar by Grinder

Illustrated notes

Levels and vault maps discovered:
D:1:      giann_bridges, layout_loops_corners, ebering_ecumenical_altar_box
D:2:      layout_rooms, nrook_campfire, minmay_pentomino_t2
D:3:      layout_loops_ring, lemuel_coloured_pillars_altar, serial_shops, shop,
          st_stairs_7, minivault_14, amcnicky_mini_pool_small, fountainhead,
          supply_closet_lemuel, uniq_grinder, uniq_robin

Skill      XL: |  1  2  3  4  5 |
---------------+----------------+-----
Fighting       | 1 2 |  2.8
Spellcasting   | 1 2 |  2.0
Maces & Flails | |  0.7
Armour         | |  3.0
Dodging        | |  1.1
Stealth        | |  3.4
Shields        | |  2.2

Action                   |  1- 3 |  4- 6 || total
-------------------------+-------+-------++-------
Melee: Club              |    41 |       ||    41
       Dagger            |    56 |    26 ||    82
       Whip              |       |    48 ||    48
 Cast: Summon Small Mamm |     2 |     1 ||     3
  Use: Potion            |       |     5 ||     5
 Stab: Sleeping          |     1 |       ||     1
Armor: Leather armour    |    12 |       ||    12
       Scale mail        |    42 |    38 ||    80
Dodge: Dodged            |    42 |    28 ||    70

Table legend: (Time is in decaauts)
 A = Elapsed time spent in this place.
 B = Non-inter-level travel time spent in this place.
 C = Inter-level travel time spent in this place.
 D = Time resting spent in this place.
 E = Time spent auto-exploring this place.
 F = Levels seen in this place.
 G = Mean time per level.
                   A        B        C        D        E       F      G
               +--------+--------+--------+--------+--------+-----+--------+
         Total |   3214 |   3114 |    100 |    303 |   2336 |   3 | 1071.3 |
       Dungeon |   3214 |   3114 |    100 |    303 |   2336 |   3 | 1071.3 |
               +--------+--------+--------+--------+--------+-----+--------+

Top non-repeatable levels by time:
     D:2: 1661 daAuts
     D:1: 1515 daAuts
     D:3: 37 daAuts
